 Dungeon Crawl Stone Soup version 0.24-a0-423-g6870c0f642 (webtiles) character file.

Game seed: 219287464579383192

28 Corto the Digger (level 3, -1/19 HPs)
             Began as a Gargoyle Earth Elementalist on June 13, 2019.
             Slain by Terence
             ... wielding a +1 mace of protection
              (2 damage)
             ... on level 2 of the Dungeon.
             The game lasted 00:02:54 (964 turns).

Corto the Digger (Gargoyle Earth Elementalist)       Turns: 964, Time: 00:02:54

Health: -1/19      AC: 12    Str: 11    XL:     3   Next: 12%
Magic:  0/7        EV: 12    Int: 16    God:
Gold:   50         SH:  0    Dex: 10    Spells: 6/7 levels left

rFire    . . .     SeeInvis .   a - +0 dagger (protect)
rCold    . . .     Gourm    .   (no shield)
rNeg     + . .     Faith    .   c - +0 robe
rPois    ∞         Spirit   .   (no helmet)
rElec    +         Reflect  .   (no cloak)
rCorr    .         Harm     .   (no gloves)
MR       +....                  (no boots)
Stlth    ++........             (no amulet)
HPRegen  0.06/turn              h - ring of protection from magic
MPRegen  0.10/turn              (no ring)

@: protection aura
A: negative energy resistance 1, electricity resistance, unbreathing,
petrification resistance, rot immunity, AC +3
a: no special abilities


You were on level 2 of the Dungeon.
You were not hungry.

You visited 1 branch of the dungeon, and saw 2 of its levels.

You collected 50 gold pieces.

Inventory:

Hand Weapons
 a - a +0 dagger of protection (weapon)
Missiles
 b - 62 stones (quivered)
Armour
 c - a +0 robe (worn)
Jewellery
 h - a ring of protection from magic (left hand)
Scrolls
 g - a scroll of identify {unknown}
 i - a scroll of random uselessness {unknown}
 j - a scroll of immolation {unknown}
 k - a scroll of amnesia {unknown}
Potions
 e - a potion of degeneration {unknown}
Comestibles
 d - 5 rations
 f - 2 chunks of flesh


   Skills:
 - Level 1.5 Dodging
 - Level 2.1 Stealth
 + Level 2.7 Spellcasting
   Level 0.7 Transmutations
 + Level 4.4 Earth Magic


You had 6 spell levels left.
You knew the following spells:

 Your Spells              Type           Power        Failure   Level  Hunger
a - Sandblast             Erth           ###...       3%          1    #......

Your spell library contained the following spells:

 Spells                   Type           Power        Failure   Level  Hunger
 Passwall                 Tmut/Erth      ##......     10%         2    ##.....
 Stone Arrow              Conj/Erth      #.....       24%         3    ###....
 Petrify                  Tmut/Erth      ##......     54%         4    #####..
 Lee's Rapid Deconstruct  Erth           ###.......   65%         5    ######.


Dungeon Overview and Level Annotations

Branches:
Dungeon (2/15)

Altars:

Annotations:
D:2 Terence


Innate Abilities, Weirdness & Mutations

You are resistant to torment.
Your stone body is resilient. (AC +3)
You are immune to poison.
You resist negative energy. (rN+)
You are resistant to electric shocks. (rElec)
You can survive without breathing.
You are immune to petrification.
You are immune to rotting.


Message History

b - 63 stones Terence barely misses you.
Casting: Sandblast (safe; 3% risk of failure)
Confirm with . or Enter, or press ? or * to list all spells.
Aiming: Sandblast (safe; 3% risk of failure)
Press: ? - help, Shift-Dir - straight line, f/p - Terence
Aim: Terence, wielding a +1 mace of protection and wearing a +0 scale mail (lightly wounded)
The blast of sand misses Terence.
b - 62 stones You barely miss Terence.
Terence is lightly wounded.
Terence barely misses you.
You barely miss Terence.
Terence is lightly wounded.
Terence closely misses you.
You hit Terence but do no damage.
Your weapon exudes an aura of protection.
Terence is lightly wounded.
Terence hits you with a +1 mace of protection.
You die... █••█••••••█ █•██••••••█ • █•██••••••█ ••█ █•██••••••█ █•••█████•██••••••█ █••••••••█••••••█ ████•••█•█•••••?█ █████•███••••█████ █(@@••█ ████•••██ █ ██•█████ ███••████ ██••█ ██••••••█• ██••██ ██••••••••• █••█••██████████•••••••••• █•••••••••••••••••••••••<• •••••••███████████•••••••••• ████••█ █•••••••••< █•█ █••••••••••

You could see Terence.

Vanquished Creatures
  An adder (D:2)
  A leopard gecko (D:1)
  2 giant cockroaches
  4 goblins (D:1)
  A hobgoblin (D:1)
  A kobold (D:1)
  3 bats
  A frilled lizard (D:1)
  4 rats
18 creatures vanquished.

Notes
Turn   | Place    | Note
-------+----------+-------------------------------------------
     0 | D:1      | Corto the Gargoyle Earth Elementalist began the quest for
                  | the Orb.
     0 | D:1      | Reached XP level 1. HP: 10/10 MP: 3/3
   267 | D:1      | Reached XP level 2. HP: 15/15 MP: 5/5
   297 | D:1      | Reached skill level 4 in Earth Magic
   792 | D:2      | Reached XP level 3. HP: 18/19 MP: 6/6
   893 | D:2      | Noticed Terence
   964 | D:2      | Slain by Terence

Levels and vault maps discovered:
D:1:      minmay_arrival_stair_chambers, layout_loops_ring
D:2:      layout_rooms, chequers_ecumenical_altar_simple, minmay_misc_feat_chi,
          nicolae_ru_path_of_blood, uniq_jessica, uniq_terence

Skill      XL: |  1  2 |
---------------+-------+-----
Earth Magic    | 4 |  4.4
Dodging        | |  1.5
Stealth        | |  2.1
Spellcasting   | |  2.7
Transmutations | |  0.7

Action                   || total
-------------------------++-------
Melee: Dagger            ||    71
       Unarmed           ||     5
 Cast: Sandblast         ||    16
 Stab: Sleeping          ||     4
Armor: Robe              ||    30
Dodge: Dodged            ||    58

Table legend:
 A = Non-vault XP
 B = Vault XP
 C = Vault XP percentage of total XP
 D = Non-vault monster count
 E = Vault monster count
 F = Vault count percentage of total count
                 A         B        C        D         E       F
            +---------+---------+-------+---------+---------+-------
      Total |      40 |       0 |   0.0 |      18 |       0 |   0.0
            +---------+---------+-------+---------+---------+-------
        D:1 |      22 |       0 |   0.0 |      14 |       0 |   0.0
        D:2 |      18 |       0 |   0.0 |       4 |       0 |   0.0
            +---------+---------+-------+---------+---------+-------
